 Dungeon Crawl Stone Soup version 0.27-a0-797-g27d10ad80f (webtiles) character file.

Game seed: 8297111318957564625

79 sahdkjhfkaj the Skirmisher (level 4, -2/40 HPs)
             Began as a Palentonga Gladiator on Mar 27, 2021.
             Slain by a gnoll
             ... wielding a +0 whip
              (5 damage)
             ... on level 2 of the Dungeon.
             The game lasted 00:00:19 (730 turns).

sahdkjhfkaj the Skirmisher (Palentonga Gladiator)    Turns: 730, Time: 00:00:20

Health: -2/40      AC:  5    Str: 18    XL:     4   Next: 17%
Magic:  4/4        EV:  9    Int:  9    God:
Gold:   42         SH:  0    Dex: 11    Spells: 3/3 levels left

rFire    . . .     SeeInvis +   a - +0 trident
rCold    . . .     Faith    .   (no shield)
rNeg     . . .     Spirit   .   b - +0 leather armour
rPois    .         Reflect  .   c - +0 helmet
rElec    .         Harm     .   (no cloak)
rCorr    .         Rampage  .   (no gloves)
Will     .....                  (no barding)
Stlth    +.........             (no amulet)
HPRegen  0.13/turn              (no ring)
MPRegen  0.09/turn              (no ring)

@: no status effects
A: large, rugged brown scales 3, see invisible, deformed body, roll 1, armoured
tail
a: Rolling Charge


You were on level 2 of the Dungeon.
You visited 1 branch of the dungeon, and saw 2 of its levels.

You collected 42 gold pieces.

Inventory:

Hand Weapons
 a - a +0 trident (weapon)
Missiles
 g - 3 throwing nets
Armour
 b - a +0 leather armour (worn)
 c - a +0 helmet (worn)
Scrolls
 e - a scroll of holy word
 f - a scroll of identify
 h - a scroll of blinking {unknown}
 j - a scroll of fog
Potions
 d - a potion of might
 w - 2 potions of heal wounds


   Skills:
 + Level 4.5 Fighting
 - Level 2.6 Polearms
 - Level 1.3 Throwing
 - Level 2.4 Dodging


You had 3 spell levels left.
You didn't know any spells.
Your spell library was empty.

Dungeon Overview and Level Annotations

Branches:
Dungeon (2/15)

Altars:


Innate Abilities, Weirdness & Mutations

You are completely covered in rugged brown scales. (AC +3, +7% HP)
You have supernaturally acute eyesight. (SInv)
Armour fits poorly on your strangely shaped body.
You can roll at nearby foes to attack.
You have a long armoured tail.


Message History

There are monsters nearby!
There are monsters nearby!
There are monsters nearby!
You are too injured to fight recklessly!
You are too injured to fight recklessly!
You are too injured to fight recklessly!
You are too injured to fight recklessly!
You are too injured to fight recklessly!
You are too injured to fight recklessly!
You are too injured to fight recklessly!
You are too injured to fight recklessly!
You are too injured to fight recklessly!
You are too injured to fight recklessly!
You are too injured to fight recklessly!
You are too injured to fight recklessly!
You are too injured to fight recklessly!
You are too injured to fight recklessly!
You are too injured to fight recklessly!
You are too injured to fight recklessly!
You are too injured to fight recklessly!
You are too injured to fight recklessly!
You are too injured to fight recklessly!
You are too injured to fight recklessly!
You are too injured to fight recklessly!
You are too injured to fight recklessly!
You are too injured to fight recklessly!
You are too injured to fight recklessly!
There are monsters nearby!
There are monsters nearby!
There are monsters nearby!
There are monsters nearby!
There are monsters nearby!
There are monsters nearby!
There are monsters nearby!
There are monsters nearby!
Unknown command.
Things that are here:
a +0 dagger; 3 stones The gnoll hits you with a +0 whip.
You die...

***,*,*********,...,,,,,,,,,,,,*
*,*,,,,,,* **#.#***********,*
*,*,****,* #.# *,** *,*,* *,* #.#
*,,, ***,*,####.######.# ****
,,,,*,.........)..###
,****,####.#####g...# ,****,* *,*
#g##.# ,,,,,,* *,* #@##.# *
,*,**,* *,* #.##.# * ***,,,* *,*
#.##.# * **,**** *,*
#.##.######*****## *,** *,*
#.##.##...,,,,,,.# ,***** *,*
##.##.##.##*****#.#
,,,,,*****,*###...#.#...#### #.#
****,,,,,,,*#..............####.#
*,,******#.#.<.#........#.†...


You could see 2 gnolls.

Vanquished Creatures
  Jessica (D:2)
  3 dart slugs
  5 bats (D:1)
  9 endoplasms
  2 giant cockroaches
  3 hobgoblins
  7 jackals
  4 kobolds
  A quokka (D:1)
  A ball python (D:2)
  2 goblins (D:1)
  3 rats
41 creatures vanquished.

Notes
Turn   | Place    | Note
-------+----------+-------------------------------------------
     0 | D:1      | sahdkjhfkaj the Palentonga Gladiator began the quest for
                  | the Orb.
     0 | D:1      | Reached XP level 1. HP: 17/17 MP: 1/1
    79 | D:1      | Reached XP level 2. HP: 16/24 MP: 2/2
   230 | D:1      | Reached skill level 3 in Fighting
   438 | D:1      | Reached XP level 3. HP: 31/31 MP: 3/3
   598 | D:2      | Noticed Jessica
   603 | D:2      | Killed Jessica
   604 | D:2      | Reached skill level 4 in Fighting
   606 | D:2      | Reached XP level 4. HP: 33/40 MP: 4/4
   730 | D:2      | Slain by a gnoll

Illustrated notes

Levels and vault maps discovered:
D:1:      lemuel_arrival_lava_pool, layout_rooms,
          corexii_item_surrounded_by_moat
D:2:      cheibrodos_helix_gallery, layout_loops_ring, minmay_quantized,
          uniq_jessica, uniq_crazy_yiuf_cottage

Skill      XL: |  1  2  3 |
---------------+----------+-----
Fighting       | 3 4 |  4.5
Polearms       | |  2.6
Throwing       | |  1.3
Dodging        | |  2.4

Action                   |  1- 3 |  4- 6 || total
-------------------------+-------+-------++-------
Melee: Trident           |    75 |    23 ||    98
       Tailslap          |     6 |     3 ||     9
 Abil: Rolling Charge    |    14 |     6 ||    20
  Use: Scroll            |       |     6 ||     6
 Stab: Sleeping          |     1 |       ||     1
Armor: Leather armour    |    30 |     8 ||    38
Dodge: Dodged            |    31 |     6 ||    37

Table legend: (Time is in decaauts)
 A = Elapsed time spent in this place.
 B = Non-inter-level travel time spent in this place.
 C = Inter-level travel time spent in this place.
 D = Time resting spent in this place.
 E = Time spent auto-exploring this place.
 F = Levels seen in this place.
 G = Mean time per level.
                   A        B        C        D        E       F      G
               +--------+--------+--------+--------+--------+-----+--------+
         Total |    745 |    730 |     15 |      0 |    543 |   2 |  372.5 |
       Dungeon |    745 |    730 |     15 |      0 |    543 |   2 |  372.5 |
               +--------+--------+--------+--------+--------+-----+--------+

Top non-repeatable levels by time:
     D:1: 593 daAuts
     D:2: 152 daAuts
